3L
THUNDER BAY NORTHERN LIONS BC @ PANAMA CITY PIRANHAS
09/20/2021
 
TOP OF THE 1ST
Thunder Bay Northern Lions BC batting - Pitching for Panama City Piranhas : RHP Richard Sykes
Pitching: RHP Richard Sykes
Batting: SHB Arnold Griffith 0-0: Ball
1-0: Ball
2-0: Foul Ball, location: 2F
2-1: DOUBLE (Line Drive, 78D)
Batting: RHB Keith Burnett 0-0: Called Strike
0-1: Ball
Wild Pitch!
Arnold Griffith to third
1-1: SINGLE (Line Drive, 4D)
Arnold Griffith scores
Batting: RHB Brent Barlow 0-0: Called Strike
0-1: Fly out, F9 (Flyball, 9LM)
Batting: RHB Jonathan Cook 0-0: Swinging Strike
0-1: Foul Ball, location: 2F
0-2: Ball
1-2: Ball
2-2: Grounds into double play, 5-4-3 (Groundball, 56)
Top of the 1st over - 1 run(s), 2 hit(s), 0 error(s), 0 left on base; Thunder Bay 1 - Panama City 0
BOTTOM OF THE 1ST
Panama City Piranhas batting - Pitching for Thunder Bay Northern Lions BC : RHP Júlio Palma
Pitching: RHP Júlio Palma
Batting: LHB Francisco Sánchez 0-0: Ball
1-0: Foul Ball, location: 2F
1-1: Swinging Strike
1-2: Fly out, F8 (Flyball, 8RM)
Batting: LHB Melvin Castro 0-0: Called Strike
0-1: Foul Ball, location: 2F
0-2: Ball
1-2: Ball
2-2: Ball
3-2: Foul Ball, location: 2F
3-2: SINGLE (Groundball, 34D)
Batting: SHB Marc Talamante 0-0: Ball
1-0: Ball
2-0: Ball
3-0: Called Strike
3-1: Base on Balls
Melvin Castro to second
Batting: RHB Cliff Dixon 0-0: Called Strike
0-1: Fielders Choice at 2nd, 1-4 (Groundball, 15S)
Melvin Castro to third
Batting: RHB Brad Perry 0-0: Ball
1-0: Foul Ball, location: 2F
1-1: Ball
2-1: Called Strike
2-2: Strikes out looking
Bottom of the 1st over - 0 run(s), 1 hit(s), 0 error(s), 2 left on base; Thunder Bay 1 - Panama City 0
TOP OF THE 2ND
Thunder Bay Northern Lions BC batting - Pitching for Panama City Piranhas : RHP Richard Sykes
Batting: LHB John Brewer 0-0: Called Strike
0-1: Called Strike
0-2: Foul Ball, location: 2F
0-2: Ball
1-2: Ball
2-2: Ball
3-2: SINGLE (Groundball, 13) (infield hit)
Batting: LHB Juan Durán 0-0: Ball
1-0: Foul Ball, location: 2F
1-1: Foul Ball, location: 2F
1-2: Ball
2-2: Ball
3-2: Foul Ball, location: 2F
3-2: Strikes out swinging
Batting: LHB Curtis Peters 0-0: Foul Ball, location: 2F
0-1: Ball
Passed Ball!
John Brewer to second
1-1: Foul Ball, location: 2F
1-2: Strikes out swinging
Batting: RHB Robert O'Connor 0-0: Ball
1-0: Ground out 5-3 (Groundball, 5S)
Top of the 2nd over - 0 run(s), 1 hit(s), 0 error(s), 1 left on base; Thunder Bay 1 - Panama City 0
BOTTOM OF THE 2ND
Panama City Piranhas batting - Pitching for Thunder Bay Northern Lions BC : RHP Júlio Palma
Batting: LHB Arturo Guzmán 0-0: Foul Ball, location: 2F
0-1: Ball
1-1: Ball
2-1: Foul Ball, location: 2F
2-2: Foul Ball, location: 2F
2-2: SINGLE (Groundball, 34D) (infield hit)
Batting: RHB Fernando López 0-0: Ball
1-0: Ball
2-0: Ball
3-0: Called Strike
3-1: Called Strike
3-2: Fly out, F8 (Flyball, 8LS)
Batting: RHB Tim Barnes 0-0: Ball
1-0: Called Strike
1-1: Ball
2-1: Ball
3-1: Called Strike
3-2: Foul Ball, location: 2F
3-2: Foul Ball, location: 2F
3-2: Base on Balls
Arturo Guzmán to second
Batting: RHB Kyle Taylor 0-0: Called Strike
0-1: Ball
1-1: Ball
2-1: Ball
3-1: Swinging Strike
3-2: Strikes out looking
Batting: LHB Francisco Sánchez 0-0: Foul Ball, location: 2F
0-1: Ball
1-1: DOUBLE (Line Drive, 78M)
Arturo Guzmán scores
Tim Barnes to third
Runner from 3rd tries for Home, SAFE, no throw or cutoff
Batting: LHB Melvin Castro 0-0: Ball
1-0: SINGLE (Line Drive, 9LS)
Francisco Sánchez to third
Runner from 3rd tries for Home, SAFE, no throw or cutoff
Batting: SHB Marc Talamante 0-0: Foul Ball, location: 2F
0-1: Ball
1-1: Ball
2-1: Ground out 3-1 (Groundball, 34)
Bottom of the 2nd over - 3 run(s), 3 hit(s), 0 error(s), 1 left on base; Thunder Bay 1 - Panama City 3
TOP OF THE 3RD
Thunder Bay Northern Lions BC batting - Pitching for Panama City Piranhas : RHP Richard Sykes
Batting: RHB Iván Vargas 0-0: Swinging Strike
0-1: Ball
1-1: Foul Ball, location: 2F
1-2: SINGLE (Groundball, 5D)
Batting: SHB Arnold Griffith 0-0: Called Strike
0-1: Swinging Strike
0-2: Ball
1-2: Strikes out swinging
Batting: RHB Keith Burnett 0-0: Ball
1-0: Ball
2-0: Ball
3-0: Base on Balls
Iván Vargas to second
Batting: RHB Brent Barlow 0-0: Called Strike
0-1: Fly out, F9 (Flyball, 89D)
Runner from 2nd tags up, SAFE at 3rd, no throw
Batting: RHB Jonathan Cook 0-0: SINGLE (Flyball, 3D)
Iván Vargas scores
Keith Burnett to second
Runner from 2nd tries for 3rd, SAFE, throw made to third
Batting: LHB John Brewer 0-0: Called Strike
0-1: Ball
1-1: SINGLE (Line Drive, 4MD)
Keith Burnett scores
Jonathan Cook to second
Batting: LHB Juan Durán 0-0: Foul Ball, location: 2F
0-1: Ball
1-1: Foul Ball, location: 2F
1-2: Strikes out swinging
Top of the 3rd over - 2 run(s), 3 hit(s), 0 error(s), 2 left on base; Thunder Bay 3 - Panama City 3
BOTTOM OF THE 3RD
Panama City Piranhas batting - Pitching for Thunder Bay Northern Lions BC : RHP Júlio Palma
Batting: RHB Cliff Dixon 0-0: Called Strike
0-1: Foul Ball, location: 2F
0-2: Foul Ball, location: 2F
0-2: Ground out 5-3 (Groundball, 56)
Batting: RHB Brad Perry 0-0: Ball
1-0: Swinging Strike
1-1: Foul Ball, location: 2F
1-2: Strikes out swinging
Batting: LHB Arturo Guzmán 0-0: Called Strike
0-1: Ball
1-1: Called Strike
1-2: Ball
2-2: Foul Ball, location: 2F
2-2: Strikes out swinging
Bottom of the 3rd over - 0 run(s), 0 hit(s), 0 error(s), 0 left on base; Thunder Bay 3 - Panama City 3
TOP OF THE 4TH
Thunder Bay Northern Lions BC batting - Pitching for Panama City Piranhas : RHP Richard Sykes
Batting: LHB Curtis Peters 0-0: Ball
1-0: Foul Ball, location: 2F
1-1: Foul Ball, location: 2F
1-2: Foul Ball, location: 2F
1-2: Ball
2-2: Strikes out swinging
Batting: RHB Robert O'Connor 0-0: SOLO HOME RUN (Line Drive, 7D), Distance : 366 ft
Batting: RHB Iván Vargas 0-0: Foul Ball, location: 2F
0-1: Ball
1-1: SINGLE (Line Drive, 7LS)
Batting: SHB Arnold Griffith 0-0: Ball
1-0: Called Strike
1-1: Ball
2-1: Foul Ball, location: 2F
2-2: Grounds into double play, 3-6-4 (Groundball, 34)
Top of the 4th over - 1 run(s), 2 hit(s), 0 error(s), 0 left on base; Thunder Bay 4 - Panama City 3
BOTTOM OF THE 4TH
Panama City Piranhas batting - Pitching for Thunder Bay Northern Lions BC : RHP Júlio Palma
Batting: RHB Fernando López 0-0: Foul Ball, location: 2F
0-1: Swinging Strike
0-2: Ball
1-2: Strikes out swinging
Batting: RHB Tim Barnes 0-0: Ball
1-0: Foul Ball, location: 2F
1-1: Ball
2-1: Swinging Strike
2-2: Ball
3-2: SINGLE (Flyball, 7S)
Batting: RHB Kyle Taylor 0-0: Called Strike
0-1: Ball
1-1: Called Strike
1-2: Ball
2-2: Fly out, F8 (Flyball, 8LS)
Batting: LHB Francisco Sánchez 0-0: Ground out 1-3 (Groundball, 15)
Bottom of the 4th over - 0 run(s), 1 hit(s), 0 error(s), 1 left on base; Thunder Bay 4 - Panama City 3
TOP OF THE 5TH
Thunder Bay Northern Lions BC batting - Pitching for Panama City Piranhas : RHP Richard Sykes
Batting: RHB Keith Burnett 0-0: Ground out 6-3 (Groundball, 56)
Batting: RHB Brent Barlow 0-0: Called Strike
0-1: Called Strike
0-2: Ground out 4-3 (Groundball, 4D)
Batting: RHB Jonathan Cook 0-0: Ball
1-0: Foul Ball, location: 2F
1-1: Fly out, F5 (Line Drive, 5)
Top of the 5th over - 0 run(s), 0 hit(s), 0 error(s), 0 left on base; Thunder Bay 4 - Panama City 3
BOTTOM OF THE 5TH
Panama City Piranhas batting - Pitching for Thunder Bay Northern Lions BC : RHP Júlio Palma
Batting: LHB Melvin Castro 0-0: Called Strike
0-1: Ball
1-1: Foul Ball, location: 2F
1-2: Fly out, F9 (Flyball, 89M)
Batting: SHB Marc Talamante 0-0: Called Strike
0-1: Swinging Strike
0-2: Ball
1-2: SINGLE (Line Drive, 4MD)
Batting: RHB Cliff Dixon 0-0: Swinging Strike
0-1: Ball
1-1: Ball
2-1: Ball
3-1: Base on Balls
Marc Talamante to second
Batting: RHB Brad Perry 0-0: Called Strike
0-1: Called Strike
0-2: Ball
1-2: Foul Ball, location: 2F
1-2: Ball
2-2: Foul Ball, location: 2F
2-2: Ball
3-2: Foul Ball, location: 2F
3-2: Foul Ball, location: 2F
3-2: Base on Balls
Marc Talamante to third
Cliff Dixon to second
Pitching: RHP Rafael Cardona
Batting: LHB Arturo Guzmán 0-0: Ball
1-0: Foul Ball, location: 2F
1-1: Ball
2-1: Ball
3-1: Called Strike
3-2: Foul Ball, location: 2F
3-2: Fly out, F9 (Flyball, 9M)
Runner from 3rd tags up, SCORES, no throw
Batting: RHB Fernando López 0-0: Ball
1-0: DOUBLE (Flyball, 78XD)
Cliff Dixon scores
Brad Perry to third
Batting: RHB Tim Barnes 0-0: Intentional Walk
Batting: RHB Kyle Taylor 0-0: Called Strike
0-1: SINGLE (Groundball, 6MD)
Brad Perry scores
Fernando López to third
Tim Barnes to second
Runner from 3rd tries for Home, SAFE, no throw or cutoff
Batting: LHB Francisco Sánchez 0-0: Called Strike
0-1: Ball
1-1: Called Strike
1-2: Foul Ball, location: 2F
1-2: SINGLE (Popup, 8LS)
Tim Barnes to third
Kyle Taylor to second
Runner from 3rd tries for Home, SAFE, no throw or cutoff
Batting: LHB Melvin Castro 0-0: Called Strike
0-1: Ball
1-1: Ball
2-1: Fly out, F7 (Flyball, 7D)
Bottom of the 5th over - 5 run(s), 4 hit(s), 0 error(s), 2 left on base; Thunder Bay 4 - Panama City 8
TOP OF THE 6TH
Thunder Bay Northern Lions BC batting - Pitching for Panama City Piranhas : RHP Richard Sykes
Batting: LHB John Brewer 0-0: Ball
1-0: Ball
2-0: Called Strike
2-1: Ball
3-1: Base on Balls
Batting: LHB Juan Durán 0-0: Ball
1-0: Foul Ball, location: 2F
1-1: Fielders Choice at 2nd, U6 (Groundball, 6M)
Batting: LHB Curtis Peters 0-0: Ball
1-0: Swinging Strike
1-1: Grounds out, U3 (Groundball, 3L)
Batting: RHB Robert O'Connor 0-0: Ball
1-0: Foul Ball, location: 2F
1-1: Ball
2-1: Ground out 4-3 (Groundball, 4)
Top of the 6th over - 0 run(s), 0 hit(s), 0 error(s), 1 left on base; Thunder Bay 4 - Panama City 8
BOTTOM OF THE 6TH
Panama City Piranhas batting - Pitching for Thunder Bay Northern Lions BC : RHP Rafael Cardona
Batting: SHB Marc Talamante 0-0: SINGLE (Groundball, 4MD)
Batting: RHB Cliff Dixon 0-0: Ball
1-0: Ball
2-0: Called Strike
2-1: Ball
3-1: Base on Balls
Marc Talamante to second
Batting: RHB Brad Perry 0-0: Ball
1-0: Ball
2-0: Called Strike
2-1: Fly out, F8 (Flyball, 8LXD)
Runner from 2nd tags up, SAFE at 3rd, no throw
Batting: LHB Arturo Guzmán 0-0: Swinging Strike
0-1: Ball
1-1: Ball
2-1: SINGLE (Line Drive, 34D)
Marc Talamante scores
Cliff Dixon to second
Pitching: RHP Reynaldo Díaz
Batting: RHB Fernando López 0-0: Ball
1-0: Foul Ball, location: 2F
1-1: 3-RUN HOME RUN (Flyball, 7LD), Distance : 335 ft
Batting: RHB Tim Barnes 0-0: Swinging Strike
0-1: Called Strike
0-2: Ball
1-2: Ball
2-2: Ball
3-2: Ground out 6-3 (Groundball, 6)
Batting: RHB Kyle Taylor 0-0: Called Strike
0-1: Swinging Strike
0-2: Ball
1-2: Ball
2-2: Strikes out swinging
Bottom of the 6th over - 4 run(s), 3 hit(s), 0 error(s), 0 left on base; Thunder Bay 4 - Panama City 12
TOP OF THE 7TH
Thunder Bay Northern Lions BC batting - Pitching for Panama City Piranhas : RHP Richard Sykes
Batting: RHB Iván Vargas 0-0: Foul Ball, location: 2F
0-1: Fly out, F9 (Flyball, 89S)
Batting: SHB Arnold Griffith 0-0: SINGLE (Line Drive, 56D)
Batting: RHB Keith Burnett 0-0: Called Strike
Arnold Griffith steals 2nd base
0-1: Called Strike
0-2: Ball
1-2: Ground out 5-3 (Groundball, 56)
Batting: RHB Brent Barlow 0-0: Called Strike
0-1: Ball
1-1: Ball
2-1: Called Strike
2-2: Ball
3-2: Strikes out looking
Top of the 7th over - 0 run(s), 1 hit(s), 0 error(s), 1 left on base; Thunder Bay 4 - Panama City 12
BOTTOM OF THE 7TH
Panama City Piranhas batting - Pitching for Thunder Bay Northern Lions BC : RHP Reynaldo Díaz
Batting: LHB Francisco Sánchez 0-0: Called Strike
0-1: Called Strike
0-2: Ground out 4-3 (Groundball, 4)
Batting: LHB Melvin Castro 0-0: Ball
1-0: SINGLE (Groundball, 4MD)
Batting: SHB Marc Talamante 0-0: Ball
1-0: Ball
2-0: Ball
3-0: Base on Balls
Melvin Castro to second
Batting: RHB Cliff Dixon 0-0: Swinging Strike
0-1: Ball
1-1: Swinging Strike
1-2: Strikes out swinging
Batting: RHB Brad Perry 0-0: Ball
1-0: Ball
2-0: Ball
3-0: Called Strike
3-1: Foul Ball, location: 2F
3-2: Foul Ball, location: 2F
3-2: Base on Balls
Melvin Castro to third
Marc Talamante to second
Batting: LHB Arturo Guzmán 0-0: Called Strike
0-1: Ball
1-1: Ball
2-1: Ball
3-1: Foul Ball, location: 2F
3-2: Base on Balls
Melvin Castro scores
Marc Talamante to third
Brad Perry to second
Batting: RHB Fernando López 0-0: Called Strike
0-1: Ball
1-1: Foul Ball, location: 2F
1-2: Fly out, F7 (Flyball, 7M)
Bottom of the 7th over - 1 run(s), 1 hit(s), 0 error(s), 3 left on base; Thunder Bay 4 - Panama City 13
TOP OF THE 8TH
Thunder Bay Northern Lions BC batting - Pitching for Panama City Piranhas : RHP Richard Sykes
Batting: RHB Jonathan Cook 0-0: Ball
1-0: Foul Ball, location: 2F
1-1: Called Strike
1-2: Ball
2-2: Ground out 1-3 (Groundball, 15)
Batting: LHB John Brewer 0-0: Ground out 3-1 (Groundball, 34)
Batting: LHB Juan Durán 0-0: SINGLE (Flyball, 7LM)
Pitching: RHP Lester Craft
Batting: LHB Curtis Peters 0-0: Called Strike
0-1: Swinging Strike
0-2: Ball
1-2: Ball
2-2: Ball
3-2: Base on Balls
Juan Durán to second
Batting: RHB Robert O'Connor 0-0: Ball
1-0: Called Strike
1-1: Ball
2-1: Ball
3-1: Foul Ball, location: 2F
3-2: Base on Balls
Juan Durán to third
Curtis Peters to second
Batting: RHB Iván Vargas 0-0: Swinging Strike
0-1: Ball
1-1: Swinging Strike
1-2: Ball
2-2: Foul Ball, location: 2F
2-2: Strikes out swinging
Top of the 8th over - 0 run(s), 1 hit(s), 0 error(s), 3 left on base; Thunder Bay 4 - Panama City 13
BOTTOM OF THE 8TH
Panama City Piranhas batting - Pitching for Thunder Bay Northern Lions BC : RHP Reynaldo Díaz
Batting: RHB Tim Barnes 0-0: Foul Ball, location: 2F
0-1: Ground out 6-3 (Groundball, 6S)
Batting: RHB Kyle Taylor 0-0: Called Strike
0-1: Ball
1-1: DOUBLE (Line Drive, 6)
Batting: LHB Francisco Sánchez 0-0: Called Strike
0-1: Foul Ball, location: 2F
0-2: Ball
1-2: Strikes out swinging
Batting: LHB Melvin Castro 0-0: Called Strike
0-1: Swinging Strike
0-2: Ball
1-2: Fly out, F5 (Line Drive, 56S)
Bottom of the 8th over - 0 run(s), 1 hit(s), 0 error(s), 1 left on base; Thunder Bay 4 - Panama City 13
TOP OF THE 9TH
Thunder Bay Northern Lions BC batting - Pitching for Panama City Piranhas : RHP Lester Craft
Batting: SHB Arnold Griffith 0-0: Ball
1-0: SINGLE (Groundball, 34D)
Batting: RHB Keith Burnett 0-0: 2-RUN HOME RUN (Line Drive, 8RXD), Distance : 440 ft
Batting: RHB Brent Barlow 0-0: Ball
1-0: Ball
2-0: Ball
3-0: Base on Balls
Batting: RHB Jonathan Cook 0-0: Called Strike
0-1: Fly out, F9 (Flyball, 9D)
Batting: LHB John Brewer 0-0: Ball
1-0: Ball
2-0: Ball
3-0: Called Strike
3-1: SINGLE (Line Drive, 89S)
Brent Barlow to second
Batting: LHB Juan Durán 0-0: Ball
1-0: Ball
2-0: Ball
3-0: Base on Balls
Brent Barlow to third
John Brewer to second
Batting: LHB Curtis Peters 0-0: Called Strike
0-1: Ball
1-1: Ball
2-1: Ball
3-1: Called Strike
3-2: SINGLE (Groundball, 34)
Brent Barlow scores
John Brewer to third
Juan Durán to second
Runner from 3rd tries for Home, SAFE, throw made home
Pitching: RHP Juan Pérez
Batting: RHB Robert O'Connor 0-0: Foul Ball, location: 2F
0-1: Called Strike
0-2: Foul Ball, location: 2F
0-2: Ball
1-2: Ball
2-2: Grounds into double play, 6-4-3 (Groundball, 6)
Top of the 9th over - 4 run(s), 4 hit(s), 0 error(s), 1 left on base; Thunder Bay 8 - Panama City 13
This league is powered by Out of the Park Baseball, the baseball management simulation game for PC, Mac and Linux
Friday, January 22nd, 2016 - OOTP Baseball 16.9 Build 39